 Dungeon Crawl Stone Soup version 0.29-a0-887-gcbe080d7e0 (webtiles) character file.

Game seed: 3688771465364753057

102 spiderkeys the Conjurer (level 4, -1/27 HPs)
             Began as an Octopode Conjurer on July 21, 2022.
             Slain by an ice beast (13 damage)
             ... on level 3 of the Dungeon.
             The game lasted 00:03:16 (2962 turns).

spiderkeys the Conjurer (Octopode Conjurer)         Turns: 2962, Time: 00:03:17

Health: -1/27      AC:  1    Str:  6    XL:     4   Next: 77%
Magic:  2/9        EV: 13    Int: 22    God:
Gold:   153        SH:  0    Dex: 10    Spells: 6/9 levels left

rFire   . . .      SeeInvis .   m - +0 mace
rCold   . . .      Faith    .   (no shield)
rNeg    . . .      Spirit   .   (helmet restricted)
rPois   .          Reflect  .   (no amulet)
rElec   .          Harm     .   Y - +4 ring of slaying
rCorr   .          Rampage  .   (no ring)
Will    .....                   (no ring)
Stlth   +++.......              (no ring)
HPRegen 0.09/turn               (no ring)
MPRegen 0.11/turn               (no ring)
                                (no ring)
                                (no ring)

@: no status effects
A: almost no armour, amphibious, 8 rings, camouflage 1, gelatinous body 1,
(nimble swimmer 1), tentacles
a: no special abilities


You were on level 3 of the Dungeon.
You visited 1 branch of the dungeon, and saw 3 of its levels.

You collected 153 gold pieces.


Innate Abilities, Weirdness & Mutations

You cannot wear most types of armour.
You are amphibious.
You can wear up to eight rings at the same time.
Your skin changes colour to match your surroundings (Stealth+).
Your rubbery body absorbs attacks. (AC +1, EV +1)
((You are camouflaged when in or above water. (Stealth+)))
You have tentacles for arms and can constrict up to eight enemies at once.


   Skills:
 - Level 2.0 Dodging
 - Level 2.6 Stealth
 + Level 3.4 Spellcasting
 + Level 5.1 Conjurations


You had 6 spell levels left.
You knew the following spells:

 Your Spells              Type           Power      Damage    Failure   Level
m - Magic Dart            Conj           100%       1d8       1%          1
s - Searing Ray           Conj           52%        2d6       2%          2

Your spell library contained the following spells:

 Spells                   Type           Power      Damage    Failure   Level
 Beastly Appendage        Tmut           6%         N/A       12%         1
 Freeze                   Ice            12%        1d4       12%         1
 Summon Small Mammal      Summ           12%        N/A       12%         1
 Dazzling Flash           Conj/Hex       28%        N/A       13%         3
 Call Canine Familiar     Summ           3%         N/A       34%         3
 Portal Projectile        Hex/Tloc       6%         N/A       34%         3
 Summon Guardian Golem    Hex/Summ       3%         N/A       34%         3
 Fulminant Prism          Conj/Hex       7%         3d7       38%         4
 Iskenderun's Mystic Bla  Conj/Tloc      14%        2d5       38%         4
 Leda's Liquefaction      Hex/Erth       1%         N/A       75%         4
 Petrify                  Tmut/Erth      3%         N/A       75%         4
 Summon Ice Beast         Ice/Summ       3%         N/A       75%         4
 Blade Hands              Tmut           1%         N/A       97%         5

Inventory:

Hand Weapons
 m - a +0 mace (weapon)
   (You found it on level 2 of the Dungeon)
Missiles
 b - 37 stones
 l - 3 poisoned darts
Magical Staves
 j - a staff of cold {!a}
   (You found it on level 1 of the Dungeon)
Jewellery
 Y - a +4 ring of slaying (left tentacle)
   (You found it on level 2 of the Dungeon)
Scrolls
 e - a scroll of fear {unknown}
 f - 3 scrolls of vulnerability {unknown}
 h - a scroll of amnesia {unknown}
 i - a scroll of teleportation {@r4}
 k - a scroll of enchant weapon {unknown}
 n - a scroll of identify {unknown}
 o - 2 scrolls of butterflies {unknown}
Potions
 a - 2 potions of magic
 c - a potion of resistance {unknown}
 d - 2 potions of curing {unknown}
 g - 3 potions of brilliance {unknown}
 p - a potion of lignification {unknown}
 q - a potion of might {unknown}

Dungeon Overview and Level Annotations

Branches:
Dungeon (3/15) Zot: 15036

Altars:
Elyvilon

Annotations:
D:3 3 runed translucent doors, xian's ghost, weakling FoAr

..#W#..###
##..($.##.##
#.......#..#
##$....###.#
#ZZZ....##.#
####+++####.########
#.#.....#.#.##......
##.#.....#.#.##......
#...@Y.............†.
##.####.##.#..#....).
##.####.....#.#>.....
#....##.....#.#######
#....##.....#...##
#....##.....###..#
#...........# ##.##
#....##.....# #.)#
..## #....##.....#
##.###


You could see an ice beast, a hornet zombie and 2 bullfrog skeletons.


Message History

(Press . to maintain the ray.) 😎 MP[-2]
You lost 2 mp, and now have 6/8 mp.
The searing ray hits the adder!
You kill the adder! 😎 MP[-1]
A bat is nearby!
The magic dart hits the bat!
You kill the bat! 😎 MP[-1]
You lost 1 mp, and now have 4/9 mp.
You can't see any susceptible monsters within range! (Use Z to cast anyway.)
You can't see any susceptible monsters within range! (Use Z to cast anyway.)
A bat is nearby! 😎 MP[+1]
The magic dart hits the bat.
You kill the bat! 😎 MP[-1]
You lost 1 mp, and now have 4/9 mp.
You can't see any susceptible monsters within range! (Use Z to cast anyway.)
You can't see any susceptible monsters within range! (Use Z to cast anyway.)
You see here a +0 spear.
You see here a +0 club.
A goblin comes into view. It is wielding a +0 dagger.
The goblin shouts!
A quokka comes into view. 😎 MP[+5]
Your mp is fully restored (9).
The magic dart hits the goblin.
You kill the goblin! 😎 MP[-1]
You lost 1 mp, and now have 8/9 mp.
The magic dart hits the quokka.
You kill the quokka! 😎 MP[-1]
You lost 1 mp, and now have 7/9 mp.
You can't see any susceptible monsters within range! (Use Z to cast anyway.)
Found a stone staircase leading down. 😎 MP[+2]
Your mp is fully restored (9).
A bat comes into view.
The magic dart hits the bat!
You kill the bat! 😎 MP[-1]
You lost 1 mp, and now have 8/9 mp.
You can't see any susceptible monsters within range! (Use Z to cast anyway.)
You now have 153 gold pieces (gained 12).
An ice beast is nearby! 😎 MP[+1]
Your mp is fully restored (9).
The magic dart hits the ice beast but does no damage. 😎 MP[-1]
You lost 1 mp, and now have 8/9 mp.
The magic dart hits the ice beast but does no damage. 😎 MP[-1]
You lost 1 mp, and now have 7/9 mp.
Casting: Magic Dart (safe; 1% risk of failure)
Confirm with . or Enter, or press ? or * to list all spells.
You can't see any susceptible monsters within range! (Use Z to cast anyway.) Unknown command.
Throw: 3 darts (poison)
Press: ? - help, Shift-Dir - straight line, f/p - ice beast
Aim: an ice beast (60% to hit)
Okay, then.
Okay, then.
You aren't carrying any items that you can evoke.
Unknown command.
The magic dart hits the ice beast but does no damage. 😎 MP[-1]
You lost 1 mp, and now have 6/9 mp.
Casting: Magic Dart (safe; 1% risk of failure)
Confirm with . or Enter, or press ? or * to list all spells.
Aiming: Searing Ray (safe; 2% risk of failure)
Press: ? - help, Shift-Dir - straight line, f/p - ice beast
Aim: an ice beast (79% to hit)
The searing ray hits the ice beast! (Press . to maintain the ray.) 😎 MP[-2]
You lost 2 mp, and now have 4/9 mp.
The searing ray hits the ice beast. 😎 MP[-1]
You lost 1 mp, and now have 3/9 mp.
The searing ray hits the ice beast. 😎 MP[-1]
You lost 1 mp, and now have 2/9 mp.
The searing ray hits the ice beast but does no damage.
You finish channelling your searing ray.
The ice beast hits you but does no damage. 😎 MP[-1]
You lost 1 mp, and now have 1/9 mp.
You hit the ice beast but do no damage. The ice beast completely misses you.
You hit the ice beast. The ice beast barely misses you. The ice beast hits you.
The ice beast freezes you! 😮 HP[-13] MP[+1]
You take 13 damage, and now have 14/27 hp.
MASSIVE DAMAGE!! (PAUSE)
You sock the ice beast! You squeeze the ice beast. The ice beast hits you.
* * * LOW HITPOINT WARNING * * *
The ice beast freezes you!
You die...

Skill      XL: |  1  2  3  4 |
---------------+-------------+-----
Spellcasting   | 3 |  3.4
Conjurations   | 5 |  5.1
Dodging        | |  2.0
Stealth        | |  2.6

Action                   |  1- 3 |  4- 6 || total
-------------------------+-------+-------++-------
Melee: Unarmed           |     1 |       ||     1
       Constrict         |     1 |       ||     1
       Mace              |       |     4 ||     4
       Tentacles         |       |     1 ||     1
 Cast: Magic Dart        |    67 |    35 ||   102
       Searing Ray       |       |     3 ||     3
  Use: Scroll            |       |     2 ||     2
Armor: Skin              |       |     4 ||     4
Dodge: Dodged            |     2 |     9 ||    11

Levels and vault maps discovered:
D:1:      nzn_arrival_settlement, layout_rooms, serial_forest,
          infiniplex_forest_clump_small, infiniplex_forest_lined_room_2,
          infiniplex_forest_end_2, infiniplex_forest_clump_long,
          infiniplex_forest_diagonal, dreamdust_ecumenical_altar_grove,
          skrybe_limestone_x
D:2:      minmay_inner_zag, layout_basic, basic_altar
D:3:      minmay_recursive_quarters, layout_rooms, general_overflow_altar,
          gammafunk_ghost_necromancy, serial_bayou_pond_b, minivault_23

Notes
Turn   | Place    | Note
-------+----------+-------------------------------------------
     0 | D:1      | spiderkeys the Octopode Conjurer began the quest for the
                  | Orb.
     0 | D:1      | Reached XP level 1. HP: 11/11 MP: 3/3
     0 | D:1      | magus.rc [v1.11.3]
    23 | D:1      | You add the spells Freeze, Beastly Appendage, Summon Ice
                  | Beast, Petrify and Blade Hands to your library.
    23 | D:1      | Got the Verses on the Mercurial Winter
   177 | D:1      | Reached XP level 2. HP: 17/17 MP: 3/5
   351 | D:1      | Found a faded altar of an unknown god.
   608 | D:1      | You pick up a book of Callings and begin reading...
   608 | D:1      | You add the spells Summon Small Mammal, Call Canine
                  | Familiar and Summon Guardian Golem to your library.
   615 | D:1      | Reached XP level 3. HP: 21/21 MP: 0/7
  1267 | D:2      | Reached skill level 3 in Spellcasting
  1463 | D:2      | Reached XP level 4. HP: 27/27 MP: 4/8
  1782 | D:2      | You pick up a book of the Hunter and begin reading...
  1782 | D:2      | You add the spells Portal Projectile and Leda's
                  | Liquefaction to your library.
  2035 | D:2      | Learned a level 2 spell: Searing Ray
  2099 | D:2      | Found a white marble altar of Elyvilon.
  2237 | D:2      | Reached skill level 5 in Conjurations
  2521 | D:3      | Noticed a phantom
  2538 | D:3      | HP: 6/27 [phantom (6)]
  2542 | D:3      | Noticed an ice beast
  2875 | D:3      | Noticed xian's ghost (weakling FoAr)
  2876 | D:3      | Found a runed translucent gate.
  2876 | D:3      | Found a runed translucent gate.
  2876 | D:3      | Found a runed translucent gate.
  2962 | D:3      | Slain by an ice beast

Vanquished Creatures
  A gnoll (D:1)
  3 adders
  A worm (D:2)
  A dart slug (D:1)
  7 ball pythons
  4 bats
  8 endoplasms
  A giant cockroach (D:1)
  8 goblins
  5 hobgoblins
  6 kobolds
  2 quokkas
  3 frilled lizards
  7 rats
57 creatures vanquished.

Vanquished Creatures (others)
  4 plants (D:3)
4 creatures vanquished.

Grand Total: 61 creatures vanquished

Table legend:
 A = Non-vault XP
 B = Vault XP
 C = Vault XP percentage of total XP
 D = Non-vault monster count
 E = Vault monster count
 F = Vault count percentage of total count
                 A         B        C        D         E       F
            +---------+---------+-------+---------+---------+-------
      Total |     134 |      12 |   8.2 |      50 |       7 |  12.3
            +---------+---------+-------+---------+---------+-------
        D:1 |      57 |       0 |   0.0 |      24 |       0 |   0.0
        D:2 |      55 |      11 |  16.7 |      18 |       6 |  25.0
        D:3 |      22 |       1 |   4.3 |       8 |       1 |  11.1
            +---------+---------+-------+---------+---------+-------

Illustrated notes

Table legend:
 A = Kills in this place as a percentage of kills in entire the game.
 B = Kills by you in this place as a percentage of kills by you in the entire game.
 C = Kills by friends in this place as a percentage of kills by friends in the entire game.
 D = Other kills in this place as a percentage of other kills in the entire game.
 E = Experience gained in this place as a percentage of experience gained in the entire game.
 F = Experience gained in this place divided by the number of levels of this place that you have seen.
                   A       B       C       D       E      F
               +-------+-------+-------+-------+-------+----------------------
         Total | 100.0 | 100.0 |   N/A |   N/A | 100.0 |  48.7
       Dungeon | 100.0 | 100.0 |   N/A |   N/A | 100.0 |  48.7
               +-------+-------+-------+-------+-------+----------------------

Table legend: (Time is in decaauts)
 A = Elapsed time spent in this place.
 B = Non-inter-level travel time spent in this place.
 C = Inter-level travel time spent in this place.
 D = Time resting spent in this place.
 E = Time spent auto-exploring this place.
 F = Levels seen in this place.
 G = Mean time per level.
                   A        B        C        D        E       F      G
               +--------+--------+--------+--------+--------+-----+--------+
         Total |   2961 |   2926 |     35 |    195 |   2444 |   3 |  987.0 |
       Dungeon |   2961 |   2926 |     35 |    195 |   2444 |   3 |  987.0 |
               +--------+--------+--------+--------+--------+-----+--------+

Top non-repeatable levels by time:
     D:2: 1391 daAuts
     D:1: 1063 daAuts
     D:3: 507 daAuts
